 Dungeon Crawl Stone Soup version 0.22.0-32-gbc6daba (webtiles) character file.

1277 iamserjio the Grappler (level 8, 74/74 HPs)
             Began as a Troll Fighter on Aug 23, 2018.
             Quit the game on level 6 of the Dungeon.
             The game lasted 00:10:55 (1387 turns).

iamserjio the Grappler (Troll Fighter)              Turns: 1387, Time: 00:10:55

Health: 74/74      AC:  5    Str: 25    XL:     8   Next: 29%
Magic:  7/7        EV:  9    Int:  6    God:
Gold:   0          SH: 10    Dex:  9    Spells: 7/7 levels left

rFire    . . .     SeeInvis .     - Unarmed
rCold    . . .     Gourm    +   b - +0 shield
rNeg     . . .     Faith    .   a - +0 robe
rPois    +         Spirit   .   (helmet restricted)
rElec    .         Reflect  .   (no cloak)
rCorr    .         Harm     .   (gloves unavailable)
MR       .....                  (boots unavailable)
Stlth    +.........             (no amulet)
HPRegen  0.62/turn              m - ring of poison resistance
MPRegen  0.10/turn              (no ring)

@: no status effects
A: large, unfitting armour, claws 3, fast metabolism 3, gourmand, regeneration
1, shaggy fur 1, tough skin 2
a: no special abilities


You were on level 6 of the Dungeon.
You were hungry.

You visited 1 branch of the dungeon, and saw 7 of its levels.
You also visited: Sewer.

Inventory:

Hand Weapons
 n - a +3 flail
 t - a +0 blowgun
Missiles
 g - a throwing net (quivered) {!f}
 u - 2 poisoned needles
Armour
 a - a +0 robe (worn)
 b - a +0 shield (worn)
Jewellery
 m - a ring of poison resistance (left claw)
Wands
 j - a wand of flame (10)
 r - a wand of clouds (5)
 s - a wand of random effects (29)
Scrolls
 c - a scroll of remove curse {unknown}
 e - a scroll of enchant armour
 h - a scroll of random uselessness
 p - 2 scrolls of teleportation
Potions
 f - a potion of magic {unknown}
 i - 4 potions of flight {unknown}
 k - 4 potions of heal wounds {unknown}
 l - a potion of degeneration {unknown}
 o - 5 potions of curing {unknown}
 q - a potion of berserk rage {unknown}
Comestibles
 d - 10 rations


   Skills:
 - Level 2.4 Fighting
 - Level 2.4 Dodging
 + Level 5.4 Shields
 * Level 8.5 Unarmed Combat


You had 7 spell levels left.
You didn't know any spells.
Your spell library contained the following spells:

 Spells                   Type           Power        Failure   Level  Hunger
 Animate Skeleton         Necr           N/A          71%         1    ##.....
 Flame Tongue             Conj/Fire      #....        71%         1    ##.....
 Pain                     Necr           #...         71%         1    ##.....
 Throw Flame              Conj/Fire      #.....       85%         2    ###....
 Conjure Flame            Conj/Fire      #.......     97%         3    ####...
 Inner Flame              Hex/Fire       #.......     97%         3    ####...
 Regeneration             Chrm/Necr      #.........   97%         3    ####...
 Vampiric Draining        Necr           #.........   97%         3    ####...
 Animate Dead             Necr           N/A          100%        4    #####..
 Sticky Flame             Conj/Fire      #.......     100%        4    #####..
 Fireball                 Conj/Fire      #.........   100%        5    ######.


Dungeon Overview and Level Annotations

Branches:
Dungeon (7/15)
 Temple: D:4-7

Altars:
Fedhas
Kikubaaqudgha
Qazlal
Uskayaw


Innate Abilities, Weirdness & Mutations

You are too large for most types of armour.
You have claws for hands.
Your metabolism is lightning-fast.
You like to eat raw meat.
Your natural rate of healing is unusually fast.
You are covered in fur. (AC +1)
You have very tough skin. (AC +2)


Message History

You claw the quokka!
You kill the quokka!
No target in view!
No target in view!
Things that are here:
an uncursed shortbow; 19 arrows; a centaur corpse
Found 18 gold pieces.
You see here 8 gold pieces.
You see here 23 stones.
Found a stone staircase leading down.
You are feeling hungry.
Found 13 gold pieces.
There is a stone staircase leading down here.
You climb downwards.
Found a lumpy amethyst potion.
There is a stone staircase leading up here.
l - a lumpy amethyst potion Quiver which item? (- for none, * to show all) (? for menu, Esc to quit)
Okay, then.
Are you sure you want to abandon this character and quit the game? (Confirm with "yes".)

########
#.....<#
#@######
#........
#######..


There were no monsters in sight!

Vanquished Creatures
  Grinder (D:5)
  Menkaure (D:7)
  Duvessa (D:6)
  A centaur (D:5)
  A big kobold (Sewer)
  2 bullfrogs (D:6)
  Dowan (D:6)
  2 scorpions
  2 crimson imps
  A hound (D:6)
  A bullfrog skeleton (D:6)
  An orc wizard (D:5)
  An iguana (D:6)
  3 worker ants
  A hound zombie (D:5)
  Robin (D:3)
  3 adders
  4 gnolls (D:6)
  A river rat (Sewer)
  An adder zombie (D:6)
  An adder skeleton (D:6)
  A worm (D:2)
  2 dart slugs
  6 leopard geckos
  5 orcs (D:5)
  5 giant cockroaches
  11 goblins
  3 hobgoblins
  5 jackals
  4 kobolds
  A quokka (D:5)
  A bat (D:3)
  A frilled lizard (D:2)
  6 rats
82 creatures vanquished.

Notes
Turn   | Place    | Note
-------+----------+-------------------------------------------
     0 | D:1      | iamserjio the Troll Fighter began the quest for the Orb.
     0 | D:1      | Reached XP level 1. HP: 22/22 MP: 0/0
    61 | D:1      | Reached XP level 2. HP: 29/29 MP: 1/1
   138 | D:1      | Reached skill level 3 in Unarmed Combat
   191 | D:2      | Found a hide-covered altar of Uskayaw.
   209 | D:2      | Reached XP level 3. HP: 36/36 MP: 2/2
   288 | D:3      | Noticed Robin
   333 | D:3      | Killed Robin
   452 | D:5      | Entered Level 5 of the Dungeon
   457 | D:5      | Noticed Grinder
   460 | D:5      | Paralysed by Grinder for 7 turns
   477 | D:5      | Killed Grinder
   477 | D:5      | Reached skill level 5 in Unarmed Combat
   477 | D:5      | Reached XP level 4. HP: 9/44 MP: 3/3
   477 | D:5      | Reached XP level 5. HP: 10/50 MP: 4/4
   495 | D:5      | Reached XP level 6. HP: 24/59 MP: 5/5
   726 | D:5      | Reached skill level 6 in Unarmed Combat
   764 | D:7      | Found a stormy altar of Qazlal.
   765 | D:7      | Found a blossoming altar of Fedhas.
   797 | D:7      | Found an ancient bone altar of Kikubaaqudgha.
   823 | D:7      | Noticed Menkaure
   829 | D:7      | Reached XP level 7. HP: 66/66 MP: 6/6
   837 | D:7      | Killed Menkaure
   927 | D:6      | Reached skill level 7 in Unarmed Combat
   973 | D:6      | Noticed Dowan
   992 | D:6      | Noticed Duvessa
  1003 | D:6      | Killed Duvessa
  1003 | D:6      | Reached skill level 5 in Shields
  1010 | D:6      | Killed Dowan
  1010 | D:6      | Reached XP level 8. HP: 47/74 MP: 7/7
  1041 | D:6      | Found a glowing drain.
  1050 | Sewer    | Entered a sewer
  1099 | Sewer    | Reached skill level 8 in Unarmed Combat
  1126 | Sewer    | Found a white marble altar of Elyvilon.
  1387 | D:6      | Quit the game

Skill      XL: |  1  2  3  4  5  6  7  8 |
---------------+-------------------------+-----
Unarmed Combat | 3 5 6 7 8 |  8.5
Shields        | 3 4 5 |  5.4
Fighting       | |  2.4
Dodging        | |  2.4

Action                   |  1- 3 |  4- 6 |  7- 9 || total
-------------------------+-------+-------+-------++-------
Melee: Unarmed           |    79 |    83 |   103 ||   265
Evoke: Wand              |     7 |       |     1 ||     8
  Use: Potion            |     1 |       |       ||     1
       Scroll            |       |     3 |     2 ||     5
  Eat: Chunk             |     7 |       |     3 ||    10
Armor: Robe              |    25 |    21 |    32 ||    78
Dodge: Dodged            |    23 |    21 |    34 ||    78
Block: Shield            |    28 |    24 |    74 ||   126
